 Dungeon Crawl Stone Soup version 0.28-a0-1412-gf95308ed99 (webtiles) character file.

Game seed: 6156439894986792631

260 croobank the Skirmisher (level 5, 0/39 (61) HPs)
             Began as a Demonspawn Abyssal Knight on Jan 7, 2022.
             Was a Follower of Lugonu.
             Slain by an orc priest (3 damage)
             ... on level 3 of the Dungeon.
             The game lasted 00:10:25 (3474 turns).

croobank the Skirmisher (Demonspawn Abyssal Knight) Turns: 3474, Time: 00:10:26

HP:   0/39 (61)     AC: 22    Str: 14    XL:     5   Next: 95%
MP:   2/17          EV:  2    Int: 13    God:    Lugonu [*.....]
Gold: 56            SH:  0    Dex: 13    Spells: 6/8 levels left

rFire   . . .      SeeInvis .   a - +1 hand axe
rCold   . . .      Faith    .   (no shield)
rNeg    . . .      Spirit   .   (armour currently unavailable)
rPois   +          Reflect  .   (helmet currently unavailable)
rElec   .          Harm     .   (cloak currently unavailable)
rCorr   .          Rampage  .   (gloves currently unavailable)
Will    .....      NoTele   +   (boots currently unavailable)
Stlth   +.........              (no amulet)
HPRegen 0.13/turn               n - ring of magical power
MPRegen 0.15/turn               (no ring)

@: tree-form, very slightly contaminated, very heavily drained
A: stationary, stasis, torment immunity, boosted hp, repulsion field 2
a: Renounce Religion, Depart the Abyss


You were on level 3 of the Dungeon.
You worshipped Lugonu.
Lugonu was aware of your devotion.
You were a tree.
You visited 1 branch of the dungeon, and saw 3 of its levels.
You visited the Abyss 1 time.

You collected 56 gold pieces.

Inventory:

Hand Weapons
 a - a +1 hand axe (weapon)
 q - a +0 scythe
Missiles
 f - 79 stones
 h - 37 arrows
Armour
 b - a +0 leather armour (melded)
 e - a scarf of shadows (melded)
 r - a +0 cloak
Jewellery
 n - a ring of magical power (left branch)
 o - a ring of poison resistance
Scrolls
 d - a scroll of identify {unknown}
 g - a scroll of teleportation {unknown}
 k - a scroll of brand weapon {unknown}
 l - a scroll of immolation {unknown}
 m - 2 scrolls of enchant armour {unknown}
 s - a scroll of summoning {unknown}
Potions
 c - a potion of lignification
 i - 2 potions of curing {unknown}
 j - a potion of magic {unknown}
 p - 3 potions of cancellation {unknown}
 t - a potion of heal wounds {unknown}


   Skills:
 - Level 3.2 Fighting
 - Level 2.1 Axes
 - Level 2.1 Armour
 - Level 1.3 Dodging
 + Level 2.4 Spellcasting
 + Level 2.6 Hexes
 + Level 2.4 Ice Magic
 - Level 3.0 Invocations


You had 6 spell levels left.
You knew the following spells:

 Your Spells              Type           Power      Damage    Failure   Level
a - Ensorcelled Hibernat  Hex/Ice        16%        N/A       13%         2

Your spell library contained the following spells:

 Spells                   Type           Power      Damage    Failure   Level
 Pain                     Necr           4%         1d4       24%         1
 Tukima's Dance           Hex            8%         N/A       24%         3
 Enfeeble                 Hex            4%         N/A       100%        7


Dungeon Overview and Level Annotations

Branches:
Dungeon (3/15)

Altars:
Zin


Innate Abilities, Weirdness & Mutations

You are a tree.
Your roots penetrate the ground, keeping you stationary.
You cannot be teleported.
You are immune to unholy pain and torment.
Your maximum health is greatly increased.
Your equipment is partially melded.
You are surrounded by a moderate repulsion field. (EV +3)


Message History

The orc priest hits you but does no damage.
You feel drained.
Casting: Ensorcelled Hibernation (safe; 13% risk of failure)
Confirm with . or Enter, or press ? or * to list all spells.
Aiming: Ensorcelled Hibernation (safe; 13% risk of failure)
Press: ? - help, Shift-Dir - straight line, f/p - orc priest
Aim: an orc priest, wielding a +0 flail of draining and wearing a +0 leather armour (lightly wounded, chance to affect: 41%)
The orc priest looks drowsy...
The helpless orc priest fails to defend itself.
You hit the orc priest but do no damage.
The orc priest is lightly wounded.
The orc priest hits you but does no damage.
You feel drained.
You hit the orc priest.
The orc priest is heavily wounded.
The orc priest hits you but does no damage.
You feel drained.
You hit the orc priest.
The orc priest is severely wounded.
The orc priest hits you with a +0 flail of draining.
* * * LOW HITPOINT WARNING * * *
You feel drained.
You barely miss the orc priest.
The orc priest is severely wounded.
The orc priest hits you with a +0 flail of draining.
* * * LOW HITPOINT WARNING * * *
You feel drained.
* * * LOW HITPOINT WARNING * * *
The orc priest hits you but does no damage.
You feel drained.
You closely miss the orc priest.
The orc priest is severely wounded.
The orc priest hits you but does no damage.
You feel drained.
You hit the orc priest.
The orc priest is severely wounded.
The orc priest hits you with a +0 flail of draining.
* * * LOW HITPOINT WARNING * * *
You feel drained.
You die...

# #.#..# # #....#
#.# . ###>## #.#
.#####
.#####.####.#
....#
..........#.#
#...#
.#####.##.#.#
#...#
.......#.####...#
##o.#..#........#
.#
#♣.....)###....#
.#
#)###.#........#
.#
#.....#####.####
.# ######.......#
.# #.####### .##
#.# ..# #.# ..#
#.# ..# #.#


You could see an orc priest.

Vanquished Creatures
  Sigmund (D:2)
  3 adders
  4 worms
  A dart slug (D:1)
  3 orcs (D:3)
  6 bats
  8 endoplasms
  3 giant cockroaches
  3 goblins
  7 hobgoblins
  3 jackals (D:2)
  5 ball pythons
  6 frilled lizards
  3 kobolds
  3 rats
59 creatures vanquished.

Notes
Turn   | Place    | Note
-------+----------+-------------------------------------------
     0 | Abyss:1  | croobank the Demonspawn Abyssal Knight began the quest for
                  | the Orb.
     0 | Abyss:1  | Reached XP level 1. HP: 18/18 MP: 2/2
    40 | Abyss:1  | Noticed a thrashing horror
    44 | D:1      | Escaped the Abyss
   301 | D:1      | Reached skill level 1 in Dodging
   490 | D:1      | Reached * piety under Lugonu
   590 | D:1      | Found a faded altar of an unknown god.
   598 | D:1      | Got Plato's Incunabulum of Evil
   616 | D:1      | Gained mutation: You are surrounded by a mild repulsion
                  | field. (EV +2) [demonic ancestry]
   616 | D:1      | Reached XP level 2. HP: 24/24 MP: 4/4
  1401 | D:2      | Gained mutation: You are surrounded by a moderate repulsion
                  | field. (EV +3) [demonic ancestry]
  1401 | D:2      | Reached XP level 3. HP: 25/29 MP: 5/5
  1411 | D:2      | Learned a level 2 spell: Ensorcelled Hibernation
  1922 | D:2      | Reached skill level 1 in Hexes
  1923 | D:2      | Reached skill level 1 in Ice Magic
  1923 | D:2      | Reached XP level 4. HP: 29/35 MP: 6/6
  2052 | D:2      | Reached skill level 1 in Spellcasting
  2092 | D:2      | Noticed Sigmund
  2116 | D:2      | Killed Sigmund
  2117 | D:2      | Reached XP level 5. HP: 8/41 MP: 8/8
  3474 | D:3      | Slain by an orc priest

Illustrated notes

Levels and vault maps discovered:
D:1:      moated_graveyard_arrival, layout_basic,
          shapermc_ecumenical_altar_rom_forum
D:2:      layout_basic, basic_altar, chequers_mini_garden, uniq_sigmund
D:3:      layout_basic, due_unseen_surprise

Skill      XL: |  1  2  3  4 |
---------------+-------------+-----
Dodging        | 1 |  1.3
Axes           | 2 |  2.1
Armour         | 2 |  2.1
Invocations    | 3 |  3.0
Hexes          | 1 2 |  2.6
Ice Magic      | 1 2 |  2.4
Spellcasting   | 2 |  2.4
Fighting       | |  3.2

Action                   |  1- 3 |  4- 6 || total
-------------------------+-------+-------++-------
Melee: Hand axe          |   122 |   108 ||   230
       Punch             |     1 |     2 ||     3
 Cast: Ensorcelled Hiber |     2 |    22 ||    24
Invok: Depart the Abyss  |     1 |       ||     1
  Use: Potion            |       |     1 ||     1
 Stab: Sleeping          |     1 |     8 ||     9
Armor: Leather armour    |    35 |    15 ||    50
       Skin              |       |     7 ||     7
Dodge: Dodged            |    97 |    63 ||   160

Table legend: (Time is in decaauts)
 A = Elapsed time spent in this place.
 B = Non-inter-level travel time spent in this place.
 C = Inter-level travel time spent in this place.
 D = Time resting spent in this place.
 E = Time spent auto-exploring this place.
 F = Levels seen in this place.
 G = Mean time per level.
                   A        B        C        D        E       F      G
               +--------+--------+--------+--------+--------+-----+--------+
         Total |   3518 |   3463 |     55 |    821 |   1950 |   4 |  879.5 |
       Dungeon |   3474 |   3419 |     55 |    821 |   1920 |   3 | 1158.0 |
         Abyss |     44 |     44 |      0 |      0 |     30 |   1 |   44.0 |
               +--------+--------+--------+--------+--------+-----+--------+

Top non-repeatable levels by time:
     D:2: 1242 daAuts
     D:1: 1234 daAuts
     D:3: 996 daAuts
 Abyss:1: 44 daAuts
